 Dungeon Crawl Stone Soup version 0.30.1-9-gdf580d7c3d (webtiles) character file.

Game seed: 787833416527660654

23 leafyfresh the Chiller (level 2, -1/20 HPs)
             Began as a Demigod Ice Elementalist on Oct 13, 2023.
             Slain by a quokka (3 damage)
             ... on level 1 of the Dungeon.
             The game lasted 00:00:55 (355 turns).

leafyfresh the Chiller (Demigod Ice Elementalist)    Turns: 355, Time: 00:00:56

Health: -1/20      AC:  2    Str:  9    XL:     2   Next: 54%
Magic:  7/7        EV: 12    Int: 17    God:
Gold:   14         SH:  0    Dex: 14    Spells: 4/5 levels left

rFire   . . .        g - +2 dagger (venom)
rCold   . . .        (no shield)
rNeg    . . .        a - +0 robe
rPois   .            (no helmet)
rElec   .            (no cloak)
rCorr   .            (no gloves)
SInv    .            (no boots)
Will    .....        (no amulet)
Stlth   ++           (no ring)
HPRegen 0.23/turn    (no ring)
MPRegen 0.10/turn

%: no passive effects
@: no status effects
A: high MP 1, forlorn, divine attributes
a: no special abilities


You were on level 1 of the Dungeon.
You visited 1 branch of the dungeon, and saw 1 of its levels.

You collected 36 gold pieces.
You spent 22 gold pieces at shops.

Inventory:

Hand Weapons
 d - a +0 sling
 g - a +2 dagger of venom (weapon)
Armour
 a - a +0 robe (worn)
Scrolls
 c - a scroll of noise {unknown}
 e - a scroll of brand weapon
 f - a scroll of identify
Potions
 b - a potion of magic


   Skills:
 - Level 2.0 Dodging
 - Level 2.0 Stealth
 + Level 2.2 Spellcasting
 + Level 3.9 Ice Magic


You had 4 spell levels left.
You knew the following spells:

 Your Spells              Type           Power      Damage    Failure   Level
a - Freeze                Ice            60%        1d7       3%          1

Your spell library contained the following spells:

 Spells                   Type           Power      Damage    Failure   Level
 Frozen Ramparts          Ice            30%        1d5       12%         3
 Ozocubu's Armour         Ice            15%        N/A       12%         3
 Summon Ice Beast         Ice/Summ       8%         N/A       63%         4


Dungeon Overview and Level Annotations

Branches:
Dungeon (1/15)

Shops:
D:1 ?


Innate Abilities, Weirdness & Mutations

You have an increased reservoir of magic. (+10% MP)
You shall have no god before yourself.
Your divine heritage dramatically boosts your attributes as you level up.


Message History

Found 12 gold pieces.
The hobgoblin shouts!
The ball python bites you. The ball python grabs you.
The ball python constricts you.
A quokka comes into view.
The ball python bites you. The ball python constricts you.
You closely miss the ball python. The ball python bites you.
The ball python constricts you.
Unknown command.
You are too injured to fight recklessly!
You barely miss the ball python.
The ball python bites you but does no damage.
The ball python constricts you.
You closely miss the ball python. The ball python bites you.
The ball python constricts you.
You barely miss the ball python. The ball python bites you.
The ball python constricts you. The hobgoblin barely misses you.
You hit the ball python.
You kill the ball python!
The hobgoblin closely misses you.
The quokka twitches its whiskers.
Unknown command.
You hit the hobgoblin.
The hobgoblin is poisoned.
The hobgoblin is heavily wounded.
The hobgoblin hits you but does no damage.
You hit the hobgoblin but do no damage.
The hobgoblin is heavily wounded.
The hobgoblin barely misses you. The hobgoblin attacks as you move away!
The hobgoblin hits you.
* * * LOW HITPOINT WARNING * * *
Found a stone staircase leading down.
The quokka bites you.
* * * LOW HITPOINT WARNING * * *
Unknown command.
You hit the quokka but do no damage.
The quokka is poisoned.
The quokka closely misses you. The hobgoblin closely misses you.
Unknown command.
You completely miss the quokka.
The quokka is lightly wounded.
The quokka bites you.
You die...

#....### .. #.##.#.. >#
### ###.#..#.# .. .^#
#...#..†.# # #. #.#
#.######## #.#.###.#
#........† #.....#.#
##########
#...†g.##############
##..@r.†.............
#..........#############
##########..$.# ####..
.# .


You could see a quokka (very poisoned) and a hobgoblin (very poisoned).

Vanquished Creatures
  6 ball pythons (D:1)
  A bat (D:1)
  2 endoplasms (D:1)
  3 goblins (D:1)
  2 kobolds (D:1)
  A quokka (D:1)
  4 frilled lizards (D:1)
  2 rats (D:1)
21 creatures vanquished.

Notes
Turn   | Place    | Note
-------+----------+-------------------------------------------
     0 | D:1      | leafyfresh the Demigod Ice Elementalist began the quest for
                  | the Orb.
     0 | D:1      | Reached XP level 1. HP: 14/14 MP: 5/5
   131 | D:1      | Reached XP level 2. HP: 20/20 MP: 7/7
   210 | D:1      | Found Jikyras's Magic Scroll Boutique.
   213 | D:1      | Bought a scroll of identify for 22 gold pieces
   355 | D:1      | Slain by a quokka

Illustrated notes

Levels and vault maps discovered:
D:1:      mrwooster_arrival_statue_2, layout_basic, serial_shops,
          nicolae_shop_tiny_real_fake_doors

Skill      XL: |  1 |
---------------+----+-----
Dodging        | 2 |  2.0
Stealth        | 2 |  2.0
Spellcasting   | 2 |  2.2
Ice Magic      | |  3.9

Action                     || total
---------------------------++-------
  Melee: Unarmed           ||     8
         Dagger            ||    12
   Fire: Sling             ||    50
    Use: Scroll            ||     1
   Stab: Sleeping          ||     1
 Armour: Robe              ||     9
  Dodge: Dodged            ||    30
